 Dungeon Crawl Stone Soup version 0.18.1-50-g88ac8fd (webtiles) character file.

182 Chiseanne the Sneak (level 5, 0/40 HPs)
             Began as a Spriggan Assassin on Mar 30, 2017.
             Succumbed to an orc wizard's poison
             ... on level 3 of the Dungeon.
             The game lasted 00:05:39 (2669 turns).

Chiseanne the Sneak (Spriggan Assassin)             Turns: 2669, Time: 00:05:39

Health: 0/40       AC: 22    Str:  7    XL:     5   Next: 34%
Magic:  6/6        EV:  4    Int: 12    God:
Gold:   145        SH:  0    Dex: 19    Spells: 0 memorised, 4 levels left

rFire  . . .     SeeInvis +     a - +2 dagger
rCold  . . .     Gourm    .     (armour currently unavailable)
rNeg   + + +     Faith    .     (shield restricted)
rPois  +         Spirit   .     (helmet currently unavailable)
rElec  .         Dismiss  .     (cloak currently unavailable)
rCorr  +         Reflect  .     (gloves unavailable)
SustAt .         Harm     .     (boots unavailable)
MR     .....     NoTele   +     (no amulet)
Stlth  ++++++....               (no ring)
                                p - ring of resist corrosion

@: lethally poisoned (0 -> -3), tree-form, not resistant to hostile
enchantments, very stealthy
A: unfitting armour, see invisible, herbivore 3, (speed 0), slow metabolism 2
a: no special abilities


You were on level 3 of the Dungeon.
You were not hungry.
You were a tree.
You visited 1 branch of the dungeon, and saw 3 of its levels.

You collected 145 gold pieces.

Inventory:

Hand Weapons
 a - a +2 dagger (weapon)
 w - a +0 blowgun
Missiles
 h - 121 stones (quivered)
 i - 16 sling bullets
 j - 8 bolts
 m - 43 arrows
Armour
 c - a +0 robe (melded)
 d - a +1 cloak (melded)
Jewellery
 p - a ring of resist corrosion (left branch)
Scrolls
 e - 3 scrolls of remove curse
 o - 2 scrolls of recharging
Potions
 b - 2 potions of lignification
 k - a potion of cancellation
 q - a potion of flight
Comestibles
 g - a bread ration
 l - a slice of pizza


   Skills:
 + Level 2.3 Fighting
 - Level 2.1 Short Blades
 + Level 2.6 Throwing
 * Level 4.6 Dodging
 * Level 7.6 Stealth


You had 4 spell levels left.
You didn't know any spells.

Dungeon Overview and Level Annotations

Branches:
Dungeon (3/15)

Altars:
Ashenzari
Cheibriados
Dithmenos
Elyvilon
Yredelemnul

Annotations:
D:3 Chiseanne's ghost, amateur SpAs


Innate Abilities, Weirdness & Mutations

You are tiny and cannot use many weapons and most armour.
You have supernaturally acute eyesight.
You are a herbivore.
((You cover ground extremely quickly.))
You need consume almost no food.


Message History

The puff of flame hits you!
The orc wizard looks more healthy.
You kill the orc!
The orc wizard casts a spell at you. The magic dart hits you!
* * * LOW HITPOINT WARNING * * *
* * * LOW HITPOINT WARNING * * *
You feel sick.
The orc wizard points at you and mumbles some strange words.
The puff of frost misses you.
Drink which item? (? for menu, Esc to quit)
It was a potion of magic.
Magic courses through your body.
Drink which item? (? for menu, Esc to quit)
Okay, then.
Drink which item? (? for menu, Esc to quit)
You turn into a tree.
Your +1 cloak melds into your body.
Your +0 robe melds into your body.
Your roots penetrate the ground.
Wield which item (- for none, * to show all)? (? for menu, Esc to quit)
a - a +2 dagger (weapon)
You die...

(._... .#o#.# (..#.# ## .(##.#
...## (###.# ####..#... r# #.#
##......... ...# (###.##
######...#..#... #..#
r##...#####...o.......##.# #..#
o#)....r(g....##♣..#..##.# #..#
.#.....###....###.##..##.# #..#
g#.P.P.##.###........).#.# #..#
.#.._..##.# #.....#......# #..#
.#.P.P.##.###.####.......####..##
.......###...†...................
.....### ##.#.####.......#.##....
.##### #.#.# ##.....##.####.. .#
#.#.# #.....##.# #..


You could see an orc wizard (invisible).

Vanquished Creatures
  A scorpion (D:3)
  An orc wizard (D:3)
  4 adders (D:2)
  An ooze (D:3)
  2 worms (D:2)
  A dart slug (D:3)
  3 giant geckos
  5 orcs (D:3)
  2 ball pythons
  2 giant cockroaches (D:1)
  4 goblins
  5 hobgoblins
  6 kobolds
  2 quokkas (D:3)
  6 bats
  3 giant newts
  5 rats
53 creatures vanquished.

Notes
Turn   | Place    | Note
--------------------------------------------------------------
     0 | D:1      | Chiseanne the Spriggan Assassin began the quest for the Orb.
     0 | D:1      | Reached XP level 1. HP: 10/10 MP: 2/2
   141 | D:1      | Reached skill level 6 in Stealth
   599 | D:1      | Reached XP level 2. HP: 14/14 MP: 3/3
  1320 | D:2      | Reached XP level 3. HP: 18/18 MP: 4/4
  1547 | D:2      | Found a shadowy altar of Dithmenos.
  1718 | D:2      | Reached skill level 7 in Stealth
  1792 | D:2      | Reached XP level 4. HP: 18/23 MP: 5/5
  2020 | D:3      | Noticed Chiseanne's ghost (amateur SpAs)
  2124 | D:3      | Found a white marble altar of Elyvilon.
  2401 | D:2      | Found a snail-covered altar of Cheibriados.
  2435 | D:3      | Reached XP level 5. HP: 24/26 MP: 6/6
  2577 | D:3      | Found a basalt altar of Yredelemnul.
  2613 | D:3      | Found a shattered altar of Ashenzari.
  2666 | D:3      | HP: 1/27 [poisoned by an orc wizard]
  2669 | D:3      | Succumbed to an orc wizard's poison

Skill      XL: |  1  2  3  4 |
---------------+-------------+-----
Stealth        | 6 7 |  7.6
Dodging        | 2 3 4 |  4.6
Fighting       | 2 |  2.3
Short Blades   | |  2.1
Throwing       | |  2.6

Action                   |  1- 3 |  4- 6 || total
-------------------------+-------+-------++-------
Melee: Dagger            |   120 |    43 ||   163
 Fire: Blowgun           |       |    18 ||    18
  Use: Scroll            |     5 |     3 ||     8
       Potion            |       |     2 ||     2
 Stab: Sleeping          |    10 |     6 ||    16
Armor: Robe              |    21 |     5 ||    26
Dodge: Dodged            |   112 |    46 ||   158
